 Dungeon Crawl Stone Soup version 0.30-a0-728-gc68057be0a (webtiles) character file.

Game seed: 3663400679158775068

203 Sabo the Digger (level 5, -3/31 HPs)
             Began as an Octopode Earth Elementalist on Jan 30, 2023.
             Slain by a gnoll
             ... wielding a +0 flail
              (6 damage)
             ... on level 4 of the Dungeon.
             The game lasted 00:18:27 (3319 turns).

Sabo the Digger (Octopode Earth Elementalist)       Turns: 3319, Time: 00:18:28

Health: -3/31      AC:  1    Str: 13    XL:     5   Next: 81%
Magic:  1/10       EV: 13    Int: 25    God:
Gold:   180        SH:  0    Dex: 13    Spells: 7/11 levels left

rFire   . . .      SeeInvis .    l - +6 club
rCold   . . .      Faith    .    (no shield)
rNeg    . . .      Spirit   .    (helmet restricted)
rPois   .          Reflect  .    (no amulet)
rElec   .          Harm     .    e - +6 ring of intelligence
rCorr   .          Rampage  .    p - +6 ring of strength
Will    .....                    (no ring)
Stlth   +++                      (no ring)
HPRegen 0.25/turn                (no ring)
MPRegen 0.12/turn                (no ring)
                                 (no ring)
                                 (no ring)

@: no status effects
A: almost no armour, amphibious, 8 rings, camouflage 1, gelatinous body 1,
(nimble swimmer 1), tentacles
a: no special abilities


You were on level 4 of the Dungeon.
You visited 1 branch of the dungeon, and saw 4 of its levels.

You collected 180 gold pieces.

Inventory:

Hand Weapons
 j - a +0 sling
 k - a +4 dagger
 l - a +6 club (weapon)
Missiles
 m - 3 poisoned darts
Jewellery
 d - a ring of ice
 e - a +6 ring of intelligence (left tentacle)
 p - a +6 ring of strength (right tentacle)
Scrolls
 b - 2 scrolls of silence {unknown}
 c - 2 scrolls of identify {unknown}
 h - 2 scrolls of teleportation
 q - a scroll of fear {unknown}
Potions
 a - 3 potions of magic
 f - a potion of brilliance {unknown}
 g - a potion of curing {unknown}
 i - a potion of mutation {unknown}
 n - a potion of lignification {unknown}
 o - a potion of berserk rage {unknown}


   Skills:
 + Level 0.1 Fighting
 + Level 0.1 Maces & Flails
 + Level 2.0 Dodging
 + Level 3.3 Stealth
 + Level 3.7 Spellcasting
 + Level 1.0 Transmutations
 + Level 4.9 Earth Magic


You had 7 spell levels left.
You knew the following spells:

 Your Spells              Type           Power      Damage    Failure   Level
a - Sandblast             Erth           58%        2d13      1%          1
b - Stone Arrow           Conj/Erth      34%        3d9       11%         3

Your spell library contained the following spells:

 Spells                   Type           Power      Damage    Failure   Level
 Passwall                 Tmut/Erth      15%        N/A       4%          2
 Cigotuvi's Dreadful Rot  Necr/Pois/Air  8%         N/A       14%         2
 Poisonous Vapours        Pois/Air       8%         N/A       14%         2
 Mephitic Cloud           Conj/Pois/Air  4%         N/A       28%         3
 Petrify                  Tmut/Erth      19%        N/A       28%         4


Dungeon Overview and Level Annotations

Branches:
Dungeon (4/15)
 Temple: D:4-7

Altars:
Okawaru
Wu Jian

Shops:
D:1 (   D:4 *


Innate Abilities, Weirdness & Mutations

You cannot wear most types of armour.
You are amphibious.
You can wear up to eight rings at the same time.
Your skin changes colour to match your surroundings (Stealth+).
Your rubbery body absorbs attacks. (AC +1, EV +1)
((You are camouflaged when in or above water. (Stealth+)))
You have tentacles for arms and can constrict up to eight enemies at once.


Message History

The phantom is severely damaged.
The phantom hits you.
* * * LOW HITPOINT WARNING * * *
Casting: Sandblast (safe; 1% risk of failure)
Confirm with . or Enter, or press ? or * to list all spells.
Aiming: Sandblast (safe; 1% risk of failure)
Press: ? - help, Shift-Dir - straight line, f/p - phantom
Aim: a phantom (severely damaged, 76% to hit)
The blast of sand hits the phantom!
You destroy the phantom!
The hobgoblin hits you.
* * * LOW HITPOINT WARNING * * *
Casting: Sandblast (safe; 1% risk of failure)
Confirm with . or Enter, or press ? or * to list all spells.
Aiming: Sandblast (safe; 1% risk of failure)
Press: ? - help, Shift-Dir - straight line, f - hobgoblin
Aim: a hobgoblin (83% to hit)
The blast of sand hits the hobgoblin but does no damage.
Casting: Sandblast (safe; 1% risk of failure)
Confirm with . or Enter, or press ? or * to list all spells.
You don't have enough magic to cast this spell.
Unknown command.
You hit the goblin. Your grab misses the goblin.
The goblin is heavily wounded.
The hobgoblin barely misses you. The goblin misses you. The hobgoblin hits you.
* * * LOW HITPOINT WARNING * * *
The goblin hits you with a +0 dagger.
* * * LOW HITPOINT WARNING * * *
You closely miss the goblin. You grab the goblin.
The goblin is heavily wounded.
You constrict the goblin. The hobgoblin completely misses you.
The goblin closely misses you.
You sock the hobgoblin!
You kill the hobgoblin!
You constrict the goblin.
You kill the goblin!
You hit the gnoll. You grab the gnoll. You squeeze the gnoll.
The gnoll is severely wounded.
You constrict the gnoll. The gnoll hits you with a +0 flail.
You die...

#>................
####.......####...
##)####### #...
##..# #... #..##
.... #.## ...# #.#
... ##.# .. #@)#
##g## ##.)# #...#
#....#.# ...##.#..
.. ...).. . #.
.#.#. ..........


You could see a gnoll.

Vanquished Creatures
  A phantom (D:4)
  Robin (D:3)
  4 adders (D:3)
  2 gnolls (D:4)
  A worm (D:3)
  A dart slug (D:1)
  5 ball pythons
  5 endoplasms
  A giant cockroach (D:1)
  11 hobgoblins
  A jackal (D:3)
  A quokka (D:1)
  2 bats
  A frilled lizard (D:1)
  13 goblins
  3 kobolds (D:2)
  6 rats
59 creatures vanquished.

Notes
Turn   | Place    | Note
-------+----------+-------------------------------------------
     0 | D:1      | Sabo the Octopode Earth Elementalist began the quest for
                  | the Orb.
     0 | D:1      | Reached XP level 1. HP: 11/11 MP: 3/3
   178 | D:1      | Found Inofusie's Weapon Shoppe.
   259 | D:1      | Reached XP level 2. HP: 17/17 MP: 3/5
  1341 | D:2      | Reached XP level 3. HP: 21/21 MP: 4/6
  2222 | D:3      | Reached skill level 4 in Earth Magic
  2369 | D:3      | Reached XP level 4. HP: 27/27 MP: 6/8
  2520 | D:3      | Noticed Robin
  2531 | D:3      | Killed Robin
  2721 | D:3      | Found an iron altar of Okawaru.
  3063 | D:3      | Learned a level 3 spell: Stone Arrow
  3169 | D:4      | Found an ornate altar of the Wu Jian Council.
  3258 | D:4      | Found Mauph's Assorted Antiques.
  3285 | D:4      | Reached XP level 5. HP: 31/31 MP: 6/9
  3298 | D:4      | Noticed a phantom
  3314 | D:4      | Killed a phantom
  3319 | D:4      | Slain by a gnoll

Illustrated notes

Levels and vault maps discovered:
D:1:      saegor_arrival_simple_b, layout_loops_ring, serial_shops, shop,
          chequers_serial_rivers_micro_e
D:2:      layout_loops_ring
D:3:      layout_rooms, lemuel_doored_altar, minmay_misc_feat_diagonals,
          nrook_uturn, minmay_diced_spiral, uniq_robin
D:4:      kennysheep_big_flooded_room, layout_basic,
          pdpol_wu_jian_five_deadly_venoms, trog_hazing_becter,
          minmay_temple_entry_glass, serial_bayou, serial_bayou_crossing,
          serial_bayou_pond_d, serial_bayou_shore_a, serial_bayou_pond_c,
          gup_sewer_entry_glass, serial_shops, shop_fountains

Skill      XL: |  1  2  3  4 |
---------------+-------------+-----
Stealth        | 3 |  3.3
Earth Magic    | 4 |  4.9
Spellcasting   | 3 |  3.7
Fighting       | |  0.1
Maces & Flails | |  0.1
Dodging        | |  2.0
Transmutations | |  1.0

Action                     |  1- 3 |  4- 6 || total
---------------------------+-------+-------++-------
  Melee: Club              |       |    12 ||    12
         Constrict         |       |     2 ||     2
         Tentacles         |       |     2 ||     2
   Cast: Sandblast         |    41 |    33 ||    74
    Use: Scroll            |     1 |       ||     1
 Armour: Skin              |       |     1 ||     1
  Dodge: Dodged            |     1 |    10 ||    11

Table legend: (Time is in decaauts)
 A = Elapsed time spent in this place.
 B = Non-inter-level travel time spent in this place.
 C = Inter-level travel time spent in this place.
 D = Time resting spent in this place.
 E = Time spent auto-exploring this place.
 F = Levels seen in this place.
 G = Mean time per level.
                   A        B        C        D        E       F      G
               +--------+--------+--------+--------+--------+-----+--------+
         Total |   3355 |   3355 |      0 |    791 |      0 |   4 |  838.8 |
       Dungeon |   3355 |   3355 |      0 |    791 |      0 |   4 |  838.8 |
               +--------+--------+--------+--------+--------+-----+--------+

Top non-repeatable levels by time:
     D:3: 1076 daAuts
     D:2: 1067 daAuts
     D:1: 1040 daAuts
     D:4: 171 daAuts
